 Dungeon Crawl Stone Soup version 0.28.0 (webtiles) character file.

Game seed: 7699299119021723429

224 zazu2006 the Magician (level 6, -1/50 HPs)
             Began as a Naga Hedge Wizard on Feb 11, 2022.
             Slain by an adder (3 damage)
             ... on level 4 of the Dungeon.
             The game lasted 00:08:05 (3830 turns).

zazu2006 the Magician (Naga Hedge Wizard)           Turns: 3830, Time: 00:08:06

Health: -1/50      AC:  3    Str: 15    XL:     6   Next: 0%
Magic:  12/12      EV:  9    Int: 20    God:
Gold:   133        SH:  0    Dex: 11    Spells: 4/13 levels left

rFire   . . .      SeeInvis +   j - +0 hand axe "Tucic" {vorpal, *Corrode Fly Str+3 Int+4}
rCold   . . .      Faith    .   (no shield)
rNeg    . . .      Spirit   .   m - +0 leather armour
rPois   +          Reflect  .   c - +0 hat
rElec   .          Harm     .   (no cloak)
rCorr   .          Rampage  .   (no gloves)
Will    .....                   (no barding)
Stlth   ++........              (no amulet)
HPRegen 0.16/turn               (no ring)
MPRegen 0.13/turn               (no ring)

@: mighty, lethally poisoned (-1 -> -4), short of breath, flying, hasted, quick
A: AC +2, large, see invisible, deformed body, poison resistance, slowness 2,
spit poison 1, naga tail 1
a: Spit Poison


You were on level 4 of the Dungeon.
You visited 1 branch of the dungeon, and saw 4 of its levels.

You collected 133 gold pieces.

Inventory:

Hand Weapons
 a - a +0 dagger
 j - the +0 hand axe "Tucic" (weapon) {vorpal, *Corrode Fly Str+3 Int+4}
   (You found it on level 2 of the Dungeon)

   It inflicts extra damage upon your enemies.
   Str:       It affects your strength (+3).
   Int:       It affects your intelligence (+4).
   Fly:       It grants you flight.
   *Corrode:  It may corrode you when you take damage.
 n - the +1 flail of Ravage {distort, rPois MP+9}
   (You found it on level 3 of the Dungeon)

   It warps and distorts space around it, and may blink, banish, or inflict
   extra damage upon those it strikes.
   Unwielding it can cause banishment or high damage.
   rPois:     It protects you from poison.
   MP:        It affects your magic capacity (+9).
 r - a +0 falchion
Missiles
 q - 2 throwing nets
Armour
 b - a +0 robe
 c - a +0 hat (worn)
 m - a +0 leather armour (worn)
Jewellery
 g - a +4 ring of evasion
Scrolls
 e - a scroll of blinking {unknown}
 i - a scroll of holy word {unknown}
 p - a scroll of teleportation {unknown}
Potions
 f - a potion of heal wounds {unknown}


   Skills:
 + Level 0.4 Fighting
 + Level 0.8 Armour
 + Level 2.0 Dodging
 + Level 3.3 Stealth
 + Level 4.4 Spellcasting
 + Level 2.9 Conjurations
 + Level 1.0 Summonings
 + Level 1.0 Translocations
 * Level 2.2 Poison Magic


You had 4 spell levels left.
You knew the following spells:

 Your Spells              Type           Power      Damage    Failure   Level
a - Magic Dart            Conj           64%        1d6       4%          1
b - Mephitic Cloud        Conj/Pois/Air  11%        N/A       22%         3
c - Conjure Flame         Conj/Fire      10%        6-21      24%         3
d - Blink                 Tloc           16%        N/A       16%         2

Your spell library contained the following spells:

 Spells                   Type           Power      Damage    Failure   Level
 Slow                     Hex            16%        N/A       16%         1
 Call Imp                 Summ           8%         N/A       16%         2
 Lesser Beckoning         Tloc           8%         N/A       30%         3
 Summon Guardian Golem    Hex/Summ       6%         N/A       36%         3
 Manifold Assault         Tloc           8%         N/A       95%         5
 Orb of Destruction       Conj           8%         9d6       100%        7
 Spellforged Servitor     Conj/Summ      6%         N/A       100%        7


Dungeon Overview and Level Annotations

Branches:
Dungeon (4/15)
 Temple: D:4-7

Altars:


Innate Abilities, Weirdness & Mutations

Your serpentine skin is tough. (AC +2)
You have supernaturally acute eyesight. (SInv)
Armour fits poorly on your strangely shaped body.
Your system is resistant to poisons. (rPois)
You cover ground very slowly.
You can spit poison.
You have a snake-like lower body.


Message History

Unknown command.
You slash the endoplasm!
You kill the endoplasm!
Unknown command.
Unknown command.
You see here an adder corpse.
There is a stone staircase leading up here.
An adder skeleton comes into view.
You reach down and open the door.
There is an open door here.
Found a dagger.
You see here a +0 dagger.
Found a scroll labelled CEASMIAKIUWN.
You hear the slow rusting of a drain very nearby.
A quokka and an adder come into view.
The adder hisses angrily.
The quokka twitches its whiskers.
The quokka closely misses you. The quokka closely misses you. x2
The quokka completely misses you.
You slash the quokka!
You kill the quokka!
The adder bites you.
* * * LOW HITPOINT WARNING * * *
You are lethally poisoned!
The adder poisons you!
You have reached level 6!
Your skin feels tougher.
Aiming: Spit Poison (1% risk of failure)
Press: ? - help, Shift-Dir - straight line, f - adder
Aim: an adder (37% to hit)
The splash of poison misses the adder.
* * * LOW HITPOINT WARNING * * *
You feel sick. The adder bites you.
* * * LOW HITPOINT WARNING * * *
Unknown command.
It was a potion of haste.
You feel yourself speed up.
* * * LOW HITPOINT WARNING * * *
You feel sick. The adder barely misses you. The adder bites you.
You die...

##≈8.8≈≈#......#
#≈..<...'.# .#
#≈≈8†8≈≈#.# ..#
#≈≈≈.≈≈##.#
##..#
#.##≈≈≈##.##
....# #.
#####..# .#..#
#. ##.# ##....
#.)###..#?#
#...@S....#
###########


You could see an adder.

Vanquished Creatures
  A centaur skeleton (D:4)
  4 gnolls (D:3)
  8 adders
  A worm (D:3)
  3 dart slugs
  9 ball pythons
  6 endoplasms
  4 goblins
  6 hobgoblins
  11 jackals
  4 quokkas
  6 bats
  2 frilled lizards (D:1)
  3 kobolds
  4 rats
72 creatures vanquished.

Notes
Turn   | Place    | Note
-------+----------+-------------------------------------------
     0 | D:1      | zazu2006 the Naga Hedge Wizard began the quest for the Orb.
     0 | D:1      | Reached XP level 1. HP: 15/15 MP: 4/4
   254 | D:1      | Reached XP level 2. HP: 22/22 MP: 0/6
   937 | D:1      | Reached XP level 3. HP: 28/28 MP: 5/8
   941 | D:1      | Learned a level 3 spell: Mephitic Cloud
   945 | D:1      | Learned a level 3 spell: Conjure Flame
   948 | D:1      | Learned a level 2 spell: Blink
  1449 | D:1      | Reached skill level 4 in Spellcasting
  1517 | D:2      | Identified the +0 hand axe "Tucic" {vorpal, *Corrode Fly
                  | Str+3 Int+4}
  1890 | D:2      | Reached XP level 4. HP: 10/36 MP: 2/10
  1940 | D:2      | Reached skill level 1 in Poison Magic
  2396 | D:3      | Found a faded altar of an unknown god.
  2478 | D:3      | Identified the +1 flail of Ravage {distort, rPois MP+9}
  2971 | D:3      | Reached XP level 5. HP: 42/42 MP: 3/11
  3800 | D:4      | HP: 2/43 [endoplasm (2)]
  3829 | D:4      | Reached XP level 6. HP: 6/50 MP: 12/12
  3830 | D:4      | HP: 2/50 [poisoned by an adder]
  3830 | D:4      | Slain by an adder

Illustrated notes

Levels and vault maps discovered:
D:1:      minmay_arrival_semitransparent, layout_loops_ring, minmay_misc_feat_x
D:2:      layout_rooms
D:3:      layout_rooms, shapermc_ecumenical_altar_flowoftime
D:4:      layout_rooms, gup_sewer_entry_pipe, kennysheep_small_circle

Skill      XL: |  1  2  3  4  5 |
---------------+----------------+-----
Spellcasting   | 4 |  4.4
Poison Magic   | 1 2 |  2.2
Conjurations   | 2 |  2.9
Dodging        | 2 |  2.0
Fighting       | |  0.4
Armour         | |  0.8
Stealth        | |  3.3
Summonings     | |  1.0
Translocations | |  1.0

Action                   |  1- 3 |  4- 6 || total
-------------------------+-------+-------++-------
Melee: Dagger            |     4 |       ||     4
       Hand axe          |    22 |    34 ||    56
 Cast: Magic Dart        |    76 |    78 ||   154
       Mephitic Cloud    |       |     1 ||     1
 Abil: Spit Poison       |    14 |    12 ||    26
  Use: Potion            |       |     7 ||     7
 Stab: Sleeping          |     1 |       ||     1
Armor: Robe              |    11 |     2 ||    13
       Leather armour    |       |    15 ||    15
Dodge: Dodged            |    32 |    60 ||    92
